Map: Opérations galactiques EC

Players

JayJay

  • Race: Terran Terran
  • League: Gold

seaLiFe - Winner!

  • Race: Terran Terran
  • League: Gold

VOD

Have the link to the VOD?

Description

Time

  • Played on: Oct. 7, 2016, 10:05 a.m.
  • Length: 13:55
Show
View Real Time Build Order
Export as new Build Order

JayJay Terran 

Build Orders: Reaper Expand, MMM Bio 

Get SALT Encoding   

  12  0:01  SCV  
  13  0:13  SCV  
  14  0:17  Supply Depot  
  14  0:25  Refinery  
  14  0:29  SCV  
  15  0:41  SCV  
  16  0:48  Barracks  
  16  0:55  SCV  
  17  1:07  SCV  
  18  1:19  SCV  
  19  1:35  Orbital Command  
  19  1:36  Reaper  
  20  1:50  Command Center  
  20  2:19  Barracks Reactor  
  19  2:26  Supply Depot  
  19  2:32  Factory  
  19  2:34  Refinery, Barracks  
  19  2:35  SCV  
  15  3:21  Marine  
  15  3:22  Marine x2  
  17  3:32  SCV x2  
  18  3:39  Marine  
  18  3:40  Starport  
  17  3:42  Hellion  
  19  4:02  SCV  
  21  4:05  Orbital Command  
  21  4:08  Factory Tech Lab  
  21  4:09  Barracks Tech Lab  
  20  4:14  Marine  
  20  4:15  Marine  
  22  4:23  Starport Reactor  
  22  4:36  SCV x2  
  24  4:39  Marine x3  
  27  4:50  Stimpack  
  27  5:08  Medivac x2  
  31  5:17  SCV x2  
  33  5:26  Marine x2  
  33  5:28  Marine  
  35  5:29  SCV x2  
  38  5:43  SCV  
  38  5:44  SCV  
  40  5:59  SCV x2  
  40  6:00  Marine x3  
  45  6:11  SCV  
  46  6:18  Refinery  
  46  6:20  Refinery  
  46  6:23  Supply Depot x2  
  46  6:26  Supply Depot  
  46  6:39  SCV  
  46  6:41  Siege Tank, Marine x3  
  46  6:46  Liberator x2  
  37  7:00  Marine x3  
  43  7:13  Siege Tank  
  46  7:17  SCV x2  
  48  7:25  Engineering Bay  
  48  7:26  Combat Shields  
  48  7:28  Marine  
  49  7:32  Marine  
  50  7:41  SCV x2  
  52  7:54  Marine x3  
  55  7:59  Terran Infantry Weapons Level 1  
  55  8:00  Engineering Bay  
  55  8:01  SCV  
  55  8:02  SCV  
  57  8:16  Supply Depot  
  54  8:30  Marine x3  
  54  8:34  Siege Tank  
  60  8:36  Medivac x2  
  64  8:48  Marine x2  
  64  8:49  Marauder  
  68  8:59  SCV x2  
  70  9:06  Medivac x2, Marine x2  
  76  9:10  Marauder  
  76  9:13  Missile Turret  
  76  9:14  Missile Turret  
  78  9:19  Supply Depot  
  78  9:40  SCV x2, Marine x2  
  78  9:41  Marauder  
  78  9:42  Supply Depot  
  84  9:49  Terran Infantry Armor Level 1  
  84  9:51  Supply Depot  
  84  9:53  Supply Depot  
  49  10:55  Marine x3  
  52  10:57  Siege Tank  
  52  10:59  Medivac x2  
  59  11:13  Marine x2  
  61  11:29  Siege Tank  
  53  11:41  Marine x3  
  50  12:02  Liberator  
  50  12:19  Viking  
  50  12:20  Command Center, Siege Tank  
  50  12:21  Marine x2  
  50  12:22  Marine  
  61  12:47  Barracks, Supply Depot  
  61  13:04  Marine x3  
Show
View Real Time Build Order
Export as new Build Order

seaLiFe Terran - Winner!

Build Orders: Reaper Expand 

Get SALT Encoding   

  12  0:01  SCV  
  13  0:14  SCV  
  14  0:26  SCV  
  14  0:27  Supply Depot  
  15  0:30  Refinery  
  15  0:49  SCV  
  16  0:54  Barracks  
  16  1:04  SCV  
  17  1:16  SCV  
  18  1:27  Supply Depot  
  18  1:28  SCV  
  19  1:45  Command Center  
  19  1:46  Reaper  
  20  2:02  Factory, SCV  
  21  2:14  SCV  
  21  2:15  Refinery  
  21  2:27  Orbital Command  
  21  2:29  Barracks Reactor  
  21  3:07  Marine  
  21  3:08  Marine  
  20  3:22  Orbital Command  
  20  3:31  Marine x2  
  20  3:32  Factory Tech Lab  
  22  3:41  Command Center  
  22  3:51  Orbital Command  
  22  3:53  Siege Tank  
  24  4:04  Engineering Bay  
  24  4:08  Armory  
  25  4:38  SCV  
  25  4:42  Siege Tank  
  28  4:47  Missile Turret  
  28  4:50  SCV  
  29  4:54  Missile Turret  
  29  5:02  SCV  
  29  5:05  Supply Depot  
  29  5:06  Marine x2  
  32  5:09  SCV  
  33  5:14  SCV  
  33  5:15  Terran Vehicle Weapons Level 1  
  34  5:21  SCV  
  34  5:26  Refinery, SCV  
  36  5:33  SCV  
  36  5:34  Starport  
  37  5:39  SCV, Barracks  
  37  5:42  Barracks, Missile Turret  
  38  5:46  SCV x2  
  40  5:58  Planetary Fortress  
  40  6:03  Missile Turret  
  40  6:05  Marine  
  40  6:06  Marine  
  40  6:10  Siege Tank  
  45  6:20  Terran Infantry Weapons Level 1  
  45  6:23  Starport Reactor  
  45  6:26  Supply Depot  
  45  6:30  Supply Depot  
  45  6:35  Barracks Reactor  
  45  6:40  Barracks Tech Lab  
  45  6:42  Supply Depot  
  34  6:57  Marine x2  
  34  7:03  SCV x3  
  36  7:13  Stimpack  
  36  7:14  Marine x2  
  36  7:15  SCV x2, Marine  
  41  7:21  SCV  
  42  7:27  SCV x2  
  44  7:32  Marine  
  44  7:33  SCV  
  44  7:36  Terran Vehicle Weapons Level 2  
  46  7:39  SCV x2  
  46  7:44  Medivac x2  
  50  7:48  SCV  
  54  7:51  SCV  
  54  7:54  Refinery  
  54  7:58  Supply Depot  
  54  8:03  Marine  
  54  8:04  Marine x3  
  58  8:07  SCV x2  
  58  8:12  Marine  
  60  8:14  Medivac  
  60  8:18  Supply Depot  
  63  8:21  Marine x2, Supply Depot  
  63  8:25  Supply Depot  
  65  8:28  Terran Infantry Weapons Level 2  
  61  8:46  SCV x3  
  61  8:47  Missile Turret  
  64  8:50  Siege Tank  
  67  8:58  SCV x3  
  67  9:00  Missile Turret  
  70  9:04  Marine x3  
  70  9:05  Marine x2  
  75  9:10  SCV  
  76  9:19  SCV x2  
  76  9:22  Marine x2  
  80  9:26  Medivac x2  
  84  9:42  Marine  
  84  9:43  Marine x4  
  84  9:44  Siege Tank  
  92  9:48  SCV x3  
  95  9:54  Terran Vehicle Weapons Level 3  
  95  9:56  Medivac  
  97  10:00  SCV x3  
  100  10:17  Siege Tank  
  72  11:00  Marine x2  
  72  11:01  Marine x3  
  74  11:10  Siege Tank  
  77  11:18  Marine x4  
  76  11:19  Marine  
  69  11:36  Marine x5  
  64  11:42  Siege Tank  
  64  11:54  Marine x4  
  67  12:12  Marine x5  
  67  12:14  Siege Tank  
  72  12:30  Marine x2  
  74  12:39  Command Center  
  74  12:46  Siege Tank  
  74  12:48  Marine x5  
  81  13:06  Marine x3  
  81  13:12  Marine x2  
  86  13:18  Siege Tank  
  89  13:23  Marine  
  89  13:24  Marine x2  
  92  13:30  Marine  
Tags
 
Add a new tag
Caveats
  • Supply blocks, unpowered buildings, or Contaminate may cause inaccurate times.
  • Supply counts are checked every 10 seconds.